[Event "December 19 Early 2023"]
[Site "https://www.chess.com"]
[Date "2023.12.19"]
[Round "8"]
[White "Gabrielian, Artur"]
[Black "Keymer, Vincent"]
[Result "1-0"]
[Board "22"]
[TimeControl "180+1"]
[WhiteFideId "4131002"]
[BlackFideId "12940690"]
[WhiteElo "2441"]
[BlackElo "2629"]
[WhiteTeam "RUS"]
[BlackTeam "GER"]
[WhiteClock "0:02:02"]
[BlackClock "0:01:09"]

1. e4 c5 2. Nf3 e6 3. Nc3 a6 4. d4 cxd4 5. Nxd4 Qc7 6. Bd3 Nf6 7. O-O Bc5 8. Be3 d6 9. Kh1 O-O 10. f4 e5 11. fxe5 dxe5 12. Rxf6 gxf6 13. Nd5 Qd6 14. Qh5 Bxd4 15. Bxd4 Kh8 16. Nxf6 1-0

[Event "December 19 Early 2023"]
[Site "https://www.chess.com"]
[Date "2023.12.19"]
[Round "8"]
[White "Paravyan, David"]
[Black "Kozak, Antoni"]
[Result "1-0"]
[Board "23"]
[TimeControl "180+1"]
[WhiteFideId "4194985"]
[BlackFideId "21832030"]
[WhiteElo "2566"]
[BlackElo "2470"]
[WhiteTeam "FID"]
[BlackTeam "POL"]
[WhiteClock "0:00:32"]
[BlackClock "0:00:00"]

1. e4 g6 2. d4 Bg7 3. Nf3 d6 4. Bb5+ Bd7 5. Bc4 Nf6 6. e5 Ng8 7. Bxf7+ Kxf7 8. e6+ Ke8 9. exd7+ Qxd7 10. O-O Nf6 11. Re1 Nc6 12. c3 Rf8 13. Nbd2 h6 14. Qb3 Rb8 15. Nf1 Na5 16. Qc2 Kf7 17. Nh4 Qg4 18. Nxg6 Rfe8 19. Nf4 e5 20. h3 Qd7 21. dxe5 dxe5 22. Qg6+ Kg8 23. Nh5 Nxh5 24. Qxh5 Qf7 25. Ng3 Nc4 26. Qg4 Kh8 27. Nf5 Re6 28. Qxg7+ Qxg7 29. Nxg7 Kxg7 30. b3 Nd6 31. c4 Kg6 32. Bb2 Rbe8 33. Rad1 h5 34. Rd5 Nf7 35. Re3 Rd6 36. Rg3+ Kf5 37. Rf3+ Ke6 38. Bxe5 Rxd5 39. cxd5+ Kxe5 40. Re3+ 1-0

[Event "December 19 Early 2023"]
[Site "https://www.chess.com"]
[Date "2023.12.19"]
[Round "8"]
[White "Starozhilov, Leonid"]
[Black "Sarana, Alexey"]
[Result "0-1"]
[Board "24"]
[TimeControl "180+1"]
[WhiteFideId "14106752"]
[BlackFideId "24133795"]
[WhiteElo "2246"]
[BlackElo "2707"]
[WhiteTeam "UKR"]
[BlackTeam "SRB"]
[WhiteClock "0:00:05"]
[BlackClock "0:00:53"]

1. e4 c5 2. Nf3 d6 3. Bb5+ Bd7 4. c4 Nc6 5. Nc3 e5 6. a3 Nge7 7. O-O Ng6 8. b4 Be7 9. bxc5 dxc5 10. Nd5 O-O 11. d3 Bg4 12. h3 Bxf3 13. Qxf3 Nd4 14. Qd1 Bg5 15. Be3 Bxe3 16. fxe3 Nxb5 17. cxb5 Ne7 18. Qb3 Qd6 19. Rad1 Rad8 20. Nc3 b6 21. a4 g6 22. Nb1 Kg7 23. Na3 Rd7 24. Nc4 Qe6 25. Rd2 Rfd8 26. Rdf2 Ng8 27. Rd2 h5 28. Qc3 f6 29. Rfd1 Nh6 30. a5 Nf7 31. axb6 axb6 32. Ra1 Nd6 33. Nxb6 Nxe4 34. Qa5 Nxd2 35. Nxd7 Qxd7 36. Qxd2 Qxb5 37. Ra7+ Rd7 38. Rxd7+ Qxd7 39. Qc3 Qb5 40. Kh2 h4 41. g3 Qb4 42. Qc2 hxg3+ 43. Kxg3 g5 44. e4 Qd4 45. Qb3 Qe3+ 46. Kg2 Qd2+ 47. Kg3 Qf4+ 48. Kg2 g4 49. hxg4 Qxg4+ 50. Kf2 Qh4+ 51. Kg2 Qg5+ 52. Kf3 Qh5+ 53. Kg3 Qf7 54. Qb6 Qd7 55. Qa6 Kg6 56. Kf3 Kg5 57. Ke3 Qd4+ 58. Ke2 Qb2+ 59. Ke3 Qc1+ 60. Ke2 Qc2+ 61. Ke3 Qd1 62. Qe6 Qe1+ 63. Kf3 Qf1+ 64. Ke3 Qf4+ 65. Ke2 Qg4+ 66. Qxg4+ Kxg4 67. Kd2 Kf3 68. Kc3 Ke3 69. Kc4 Kd2 70. Kxc5 Kxd3 71. Kd5 Ke3 0-1

[Event "December 19 Early 2023"]
[Site "https://www.chess.com"]
[Date "2023.12.19"]
[Round "8"]
[White "Hong, Andrew"]
[Black "Demchenko, Anton"]
[Result "0-1"]
[Board "25"]
[TimeControl "180+1"]
[WhiteFideId "2099438"]
[BlackFideId "4160258"]
[WhiteElo "2460"]
[BlackElo "2545"]
[WhiteTeam "USA"]
[BlackTeam "SLO"]
[WhiteClock "0:00:33"]
[BlackClock "0:00:05"]

1. d4 Nf6 2. Nc3 d5 3. Bf4 c5 4. e3 cxd4 5. exd4 a6 6. Be2 Nc6 7. Nf3 Bf5 8. O-O e6 9. Ne5 Nxe5 10. dxe5 Nd7 11. Bd3 Bxd3 12. Qxd3 Rc8 13. Ne2 g6 14. Nd4 Bg7 15. Rfe1 O-O 16. Rad1 Qc7 17. Qg3 Qa5 18. a3 Rc4 19. h4 Rxd4 20. h5 Rxd1 21. Rxd1 Qc7 22. Re1 Qxc2 23. h6 Bh8 24. Rc1 Qf5 25. Re1 Rc8 26. Qe3 Qe4 27. Qd2 Qc4 28. g3 Qc6 29. Qb4 Qb6 30. Qe7 Qd8 31. Qb4 b6 32. Qa4 Nc5 33. Qd4 f6 34. exf6 Bxf6 35. Be5 Bxe5 36. Qxe5 Qd7 37. Rc1 Rf8 38. Rc3 Qf7 39. Rf3 Qe7 40. Rc3 Qf6 41. Qe1 Ne4 42. Rc2 g5 43. f4 gxf4 44. gxf4 Qxh6 45. Rg2+ Kh8 46. Qe3 Qxf4 47. Qxb6 Qf1+ 48. Kh2 Qf4+ 49. Kg1 Rc8 50. Kh1 Rc1+ 51. Rg1 Qf3+ 52. Kh2 Rc2+ 53. Rg2 Qxg2# 0-1

[Event "December 19 Early 2023"]
[Site "https://www.chess.com"]
[Date "2023.12.19"]
[Round "8"]
[White "Drygalov, Sergey"]
[Black "Feuerstack, Aljoscha"]
[Result "1-0"]
[Board "26"]
[TimeControl "180+1"]
[WhiteFideId "24171743"]
[BlackFideId "4681932"]
[WhiteElo "2504"]
[BlackElo "2418"]
[WhiteTeam "RUS"]
[BlackTeam "GER"]
[WhiteClock "0:00:50"]
[BlackClock "0:00:00"]

1. d4 Nf6 2. c4 c5 3. d5 b5 4. cxb5 a6 5. bxa6 e6 6. dxe6 fxe6 7. Nc3 d5 8. Nf3 Bd6 9. e4 Nxe4 10. Nxe4 dxe4 11. Bb5+ Kf8 12. O-O Bxa6 13. Bxa6 Nxa6 14. Ng5 Nc7 15. Qg4 Kg8 16. Qxe4 Qf6 17. Rd1 Rd8 18. Be3 h6 19. Nf3 Nd5 20. a4 Kf7 21. a5 Qxb2 22. Rab1 Qf6 23. Rb7+ Be7 24. Ne5+ Kg8 25. g3 Nc3 26. Rxd8+ Bxd8 27. Qd3 Qxe5 28. Qxd8+ Kh7 29. Qd3+ Ne4 30. f3 Qa1+ 31. Kg2 Qa2+ 32. Kh3 1-0

[Event "December 19 Early 2023"]
[Site "https://www.chess.com"]
[Date "2023.12.19"]
[Round "8"]
[White "Movahed, Sina"]
[Black "Volkov, Maksim"]
[Result "1-0"]
[Board "27"]
[TimeControl "180+1"]
[WhiteFideId "42520835"]
[BlackFideId "54123070"]
[WhiteElo "2341"]
[BlackElo "2293"]
[WhiteTeam "IRI"]
[BlackTeam "RUS"]
[WhiteClock "0:00:24"]
[BlackClock "0:00:15"]

1. Nf3 d5 2. c4 e6 3. g3 Nf6 4. Bg2 dxc4 5. Qa4+ Nbd7 6. Qxc4 a6 7. Qc2 c5 8. O-O b5 9. Ne5 Nd5 10. Nd3 Bb7 11. Nc3 Rc8 12. Nxd5 Bxd5 13. Bxd5 exd5 14. Nf4 Nf6 15. a4 b4 16. d3 Bd6 17. e4 dxe4 18. dxe4 O-O 19. Qc4 Re8 20. Re1 Be5 21. Nd3 Bd4 22. Bg5 h6 23. Bxf6 Qxf6 24. Re2 g5 25. a5 Rc6 26. Rc1 Qf3 27. Rce1 Rf6 28. e5 Rc6 29. Nxb4 Bxf2+ 30. Rxf2 cxb4 31. Qxb4 Qd5 32. Qe4 Qxe4 33. Rxe4 Rc5 34. b4 Rcxe5 35. Rxe5 Rxe5 36. Rf6 Re4 37. Rxa6 Rxb4 38. Rxh6 Ra4 39. a6 Kg7 40. Rb6 Ra2 41. h4 gxh4 42. gxh4 Kh7 43. h5 Kg7 44. h6+ Kh7 45. Rf6 Kg8 46. Kf1 Kh8 47. Ke1 Kg8 48. Kd1 Kh8 49. Kc1 Kg8 50. Kb1 Ra5 51. Kb2 Ra4 52. Kb3 Ra1 53. Kb4 Rb1+ 54. Kc5 Rc1+ 55. Kb6 Rb1+ 56. Ka7 Rb2 57. Rb6 Ra2 58. Kb7 Kh7 59. a7 f5 1-0

[Event "December 19 Early 2023"]
[Site "https://www.chess.com"]
[Date "2023.12.19"]
[Round "8"]
[White "Galchenko, Matvey"]
[Black "Gubajdullin, Alexei"]
[Result "1-0"]
[Board "28"]
[TimeControl "180+1"]
[WhiteFideId "24175480"]
[BlackFideId "4141202"]
[WhiteElo "2424"]
[BlackElo "2274"]
[WhiteTeam "FID"]
[BlackTeam "RUS"]
[WhiteClock "0:00:07"]
[BlackClock "0:00:02"]

1. e4 e5 2. Nf3 Nf6 3. Bc4 Nxe4 4. Nc3 Nf6 5. Nxe5 d5 6. Be2 Bd6 7. d4 O-O 8. O-O Nbd7 9. f4 c6 10. Bd3 Re8 11. Qf3 h5 12. Be3 Nf8 13. Rae1 Bg4 14. Qg3 Qc8 15. f5 c5 16. Nb5 Bb8 17. c3 a6 18. Na3 Ne4 19. Qh4 Bxf5 20. Qxh5 g6 21. Qh4 cxd4 22. cxd4 Ba7 23. Nxf7 Kxf7 24. g4 Qe6 25. Kh1 Qf6 26. Qh6 Kg8 27. gxf5 Bxd4 28. fxg6 Qg7 29. Qxg7+ Bxg7 30. Rf7 Nxg6 31. Rxb7 Ne5 32. Be2 Rad8 33. Bxa6 Rd6 34. Bb5 Rc8 35. Bd4 Rg6 36. Rg1 Rxg1+ 37. Kxg1 Rc1+ 38. Kg2 Rd1 39. Rxg7+ Kxg7 40. Bxe5+ Kf7 41. Bf4 Ra1 42. Kf3 Rxa2 43. Be5 Ke6 44. Bd4 Nd6 45. Bd3 Nf5 46. Nb5 Nxd4+ 47. Nxd4+ Ke5 48. Ke3 Rxb2 49. h4 Rh2 50. Nf3+ Kf6 51. Nxh2 Kg7 52. Kf4 Kh6 53. Kg4 d4 54. Nf3 1-0

[Event "December 19 Early 2023"]
[Site "https://www.chess.com"]
[Date "2023.12.19"]
[Round "8"]
[White "Boyer, Mahel"]
[Black "Zhigalko, Sergei"]
[Result "1-0"]
[Board "29"]
[TimeControl "180+1"]
[WhiteFideId "45102422"]
[BlackFideId "13502956"]
[WhiteElo "2449"]
[BlackElo "2616"]
[WhiteTeam "FRA"]
[BlackTeam "BLR"]
[WhiteClock "0:01:44"]
[BlackClock "0:00:00"]

1. e4 c5 2. d3 Nc6 3. g3 g6 4. Bg2 Bg7 5. f4 d6 6. Nf3 Nf6 7. O-O O-O 8. Nc3 Rb8 9. h3 b5 10. g4 b4 11. Ne2 Nd7 12. Qe1 a5 13. Rb1 Nd4 14. Nexd4 cxd4 15. Qf2 Qb6 16. b3 Ba6 17. Bb2 e5 18. f5 f6 19. fxg6 hxg6 20. Nh4 g5 21. Nf5 Rf7 22. h4 Rbf8 23. Qd2 gxh4 24. Qf2 Nc5 25. Qxh4 Ne6 26. Bc1 Bc8 27. Bh6 Qd8 28. Bxg7 Rxg7 29. Nh6+ Kh7 30. Nf7+ Kg8 31. Nh6+ Kh7 32. Nf7+ Kg8 33. Nxd8 Nxd8 34. Rxf6 Re8 35. Rxd6 Rxg4 36. Qxd8 1-0

[Event "December 19 Early 2023"]
[Site "https://www.chess.com"]
[Date "2023.12.19"]
[Round "8"]
[White "Manukyan, Sargis A."]
[Black "Baskakov, Egor"]
[Result "1/2-1/2"]
[Board "30"]
[TimeControl "180+1"]
[WhiteFideId "13303970"]
[BlackFideId "24197866"]
[WhiteElo "2186"]
[BlackElo "2225"]
[WhiteTeam "ARM"]
[BlackTeam "RUS"]
[WhiteClock "0:00:14"]
[BlackClock "0:00:06"]

1. d4 Nf6 2. c4 e6 3. Nc3 d5 4. cxd5 Nxd5 5. e4 Nxc3 6. bxc3 b6 7. Nf3 Bb7 8. Bd3 Nd7 9. O-O Be7 10. a4 c5 11. a5 bxa5 12. Ba3 O-O 13. d5 exd5 14. exd5 c4 15. Bxe7 Qxe7 16. Bxc4 Rac8 17. d6 Qf6 18. Bb5 Bc6 19. Bxc6 Rxc6 20. Rxa5 Rxd6 21. Qa1 a6 22. c4 Qh6 23. Qc1 Qf6 24. Qa1 Rc8 25. Qxf6 Nxf6 26. c5 Rdc6 27. Nd4 Rxc5 28. Rxa6 Rc1 29. Ra1 Rxa1 30. Rxa1 g6 31. g3 Rd8 32. Nf3 Kg7 33. Ra7 Rd7 34. Ra6 Re7 35. h4 Ng4 36. Kf1 Rb7 37. Ra2 Rb5 38. Kg2 Ne5 39. Ng5 h6 40. Nh3 Nd3 41. Rd2 Rb3 42. Ng1 Ne5 43. Re2 Rb5 44. Nh3 Nd3 45. Re3 Rd5 46. Ng1 Ne5 47. Ne2 Ng4 48. Re4 f5 49. Re7+ Kf6 50. Re8 g5 51. hxg5+ hxg5 52. Rf8+ Kg6 53. Rg8+ Kf6 54. Rf8+ Kg7 55. Re8 Rd2 56. f3 Nf6 57. Re6 Kf7 58. Re5 Nd7 59. Re3 Kf6 60. f4 g4 61. Kf1 Nc5 62. Ke1 Rb2 63. Nc3 Rh2 64. Nd5+ Kf7 65. Nc3 Rg2 66. Kf1 Rc2 67. Ke1 Kf6 68. Nd5+ Kg7 69. Nc3 Nb3 70. Ne2 Rb2 71. Re5 Kf6 72. Nc3 Nd4 73. Nd5+ Kg6 74. Re6+ Nxe6 75. Ne3 Nd4 76. Nd5 Nf3+ 77. Kf1 Rd2 78. Ne7+ Kf6 79. Nxf5 Kxf5 1/2-1/2

[Event "December 19 Early 2023"]
[Site "https://www.chess.com"]
[Date "2023.12.19"]
[Round "8"]
[White "Tari, Aryan"]
[Black "Janaszak, Dawid"]
[Result "0-1"]
[Board "31"]
[TimeControl "180+1"]
[WhiteFideId "1510045"]
[BlackFideId "1119206"]
[WhiteElo "2577"]
[BlackElo "2218"]
[WhiteTeam "NOR"]
[BlackTeam "POL"]
[WhiteClock "0:00:00"]
[BlackClock "0:00:10"]

1. e4 c5 2. Nf3 Nc6 3. Bc4 Nf6 4. e5 Ng4 5. Qe2 d5 6. Bb5 g6 7. d4 cxd4 8. Nxd4 Qb6 9. c3 Bg7 10. e6 f5 11. Nd2 O-O 12. N2f3 Nxd4 13. Nxd4 Bxd4 14. cxd4 Qxe6 15. Qxe6+ Bxe6 16. Bf4 Rac8 17. f3 Nf6 18. Kd2 Bd7 19. Bd3 Kf7 20. h4 h5 21. a3 e6 22. Be5 Bc6 23. b4 Ba4 24. b5 Nd7 25. Rhb1 Nb6 26. Bd6 Rfd8 27. Bc5 Nc4+ 28. Bxc4 dxc4 29. Rb4 Rxc5 30. Rxa4 Rxd4+ 31. Kc3 Rd3+ 32. Kb4 b6 33. Rxa7+ Kf6 34. Rb1 c3 35. Rc1 c2 36. g4 hxg4 37. fxg4 Rd4+ 38. Kb3 Rxg4 39. a4 Rxh4 40. Rxc2 Rh3+ 41. Kb2 Rxc2+ 42. Kxc2 f4 43. a5 Rh2+ 44. Kc3 bxa5 45. b6 Rh1 46. Kc2 Rh8 47. Rxa5 Rb8 48. Rb5 g5 49. Kd3 e5 50. Ke4 g4 51. Rxe5 Rxb6 52. Rf5+ Kg6 53. Rxf4 Kg5 54. Rf8 Re6+ 55. Kd3 Kh4 56. Rh8+ Kg3 57. Rg8 Kf3 58. Rf8+ Kg2 59. Rg8 g3 60. Kd2 Kf2 61. Rf8+ Kg1 62. Rg8 g2 63. Rg7 Rh6 0-1

[Event "December 19 Early 2023"]
[Site "https://www.chess.com"]
[Date "2023.12.19"]
[Round "8"]
[White "Jakubowski, Krzysztof"]
[Black "Sjugirov, Sanan"]
[Result "0-1"]
[Board "32"]
[TimeControl "180+1"]
[WhiteFideId "1112848"]
[BlackFideId "4189302"]
[WhiteElo "2369"]
[BlackElo "2569"]
[WhiteTeam "POL"]
[BlackTeam "HUN"]
[WhiteClock "0:00:21"]
[BlackClock "0:01:57"]

1. e4 c5 2. Nf3 d6 3. d4 cxd4 4. Nxd4 Nf6 5. Nc3 a6 6. Be3 e5 7. Nb3 Be6 8. h3 Be7 9. Qf3 O-O 10. O-O-O b5 11. g4 b4 12. Nd5 Nxd5 13. exd5 Bc8 14. Bd3 a5 15. Kb1 a4 16. Nd2 Ba6 17. Bxa6 Rxa6 18. Ne4 Nd7 19. g5 Qc8 20. Rc1 Qc4 21. Rhg1 Kh8 22. Qf5 Nb6 23. Nf6 g6 24. Qf3 b3 25. Rg4 bxc2+ 26. Ka1 Qd3 27. Rh4 Bxf6 28. gxf6 a3 29. Rb4 axb2+ 30. Rxb2 Rxa2+ 31. Kxa2 Ra8# 0-1

[Event "December 19 Early 2023"]
[Site "https://www.chess.com"]
[Date "2023.12.19"]
[Round "8"]
[White "Stepanencu, Nicodim-Cosmin"]
[Black "Corrales Jimenez, Fidel"]
[Result "1/2-1/2"]
[Board "33"]
[TimeControl "180+1"]
[WhiteFideId "1256220"]
[BlackFideId "3506690"]
[WhiteElo "2154"]
[BlackElo "2507"]
[WhiteTeam "ROU"]
[BlackTeam "USA"]
[WhiteClock "0:00:04"]
[BlackClock "0:00:08"]

1. c4 Nf6 2. Nc3 e5 3. Nf3 Nc6 4. e3 Bb4 5. Qc2 O-O 6. Nd5 Bd6 7. Ng5 g6 8. Nxf6+ Qxf6 9. Ne4 Qg7 10. Nxd6 cxd6 11. d3 b6 12. Be2 Bb7 13. O-O f5 14. a3 g5 15. b4 g4 16. Bb2 Nd8 17. f4 gxf3 18. Bxf3 Rf6 19. Bxb7 Nxb7 20. d4 Re8 21. Rxf5 Qg6 22. Raf1 d5 23. dxe5 Rxf5 24. Rxf5 dxc4 25. Qxc4+ Re6 26. Qf4 h6 27. h4 Kg7 28. h5 Qe8 29. Qg4+ Kh7 30. Qe4 d5 31. Qxd5 Nd8 32. Qe4 Kg8 33. Qg4+ Kh7 34. Qe4 Kg8 35. Bd4 Nf7 36. Qd5 Kh7 37. Rf6 Ng5 38. e4 Qe7 39. Rxe6 Nxe6 40. Be3 Qf7 41. Qd6 Kg7 42. Qd2 Qxh5 43. Qd7+ Qf7 44. Bxh6+ Kg6 45. Qxf7+ Kxf7 46. Be3 Nc7 47. Kf2 Nb5 48. Bc1 Nc3 49. Ke3 Ke6 50. Kd3 Nb5 51. Bb2 Nc7 52. g4 Ne8 53. Kc4 Nc7 54. g5 Kf7 55. a4 a6 56. b5 axb5+ 57. axb5 Ke6 58. Bd4 Na8 59. g6 Ke7 60. Kd5 Nc7+ 61. Kc6 Ne6 62. Bxb6 Nf4 63. Bc5+ Ke6 64. b6 Nxg6 65. b7 Nxe5+ 66. Kc7 Nd7 67. Bd4 Ke7 68. Bc3 Ke6 69. Bb4 Nf6 70. b8=Q Nxe4 71. Qe8+ Kd5 72. Qc6+ Kd4 73. Bc3+ Nxc3 74. Kb6 Kd3 75. Qd6+ Kc4 76. Ka6 Nd5 77. Qe5 Nb4+ 78. Kb7 Nd3 79. Qd4+ Kxd4 1/2-1/2

[Event "December 19 Early 2023"]
[Site "https://www.chess.com"]
[Date "2023.12.19"]
[Round "8"]
[White "Zakhartsov, Vladimir"]
[Black "Parpiev, Isaak"]
[Result "1-0"]
[Board "34"]
[TimeControl "180+1"]
[WhiteFideId "4145097"]
[BlackFideId "34281576"]
[WhiteElo "2448"]
[BlackElo "2183"]
[WhiteTeam "RUS"]
[BlackTeam "RUS"]
[WhiteClock "0:00:05"]
[BlackClock "0:00:00"]

1. d4 d5 2. c4 c6 3. Nf3 Nf6 4. Nbd2 Bf5 5. Nh4 Be6 6. e3 g5 7. Nhf3 g4 8. Ne5 h5 9. b3 Nbd7 10. Nxd7 Qxd7 11. Bb2 Bh6 12. Bd3 h4 13. Qe2 a6 14. O-O-O Bf5 15. Kb1 Bxd3+ 16. Qxd3 O-O-O 17. Bc3 h3 18. g3 Qe6 19. Rc1 Kb8 20. Ba5 Rd7 21. c5 Ne4 22. Nxe4 Qxe4 23. Qxe4 dxe4 24. Bc3 Rd5 25. b4 Kc8 26. Rc2 Kd7 27. Kb2 Bg7 28. Kb3 Rh6 29. Kc4 Rf6 30. Re1 Rf3 31. Ree2 e5 32. dxe5 Ke6 33. a4 Bxe5 34. Bxe5 Kxe5 35. Red2 Rf6 36. b5 axb5+ 37. axb5 cxb5+ 38. Kxb5 Rd3 39. Kc4 Rxd2 40. Rxd2 Ra6 41. Rb2 Ra7 42. Kb5 Ra6 43. Rd2 Ke6 44. Rb2 f5 45. Kc4 Ra4+ 46. Kc3 Ra3+ 47. Kb4 Ra1 48. Kc4 Ra4+ 49. Kb5 Ra6 50. Rd2 Ra1 51. Rd6+ Ke7 52. Rd5 Ke6 53. Rd6+ Ke7 54. Rh6 Rb1+ 55. Ka5 Ra1+ 56. Kb6 Rb1+ 57. Ka7 Rc1 58. Kb6 Rb1+ 59. Ka5 Ra1+ 60. Kb4 Rb1+ 61. Kc4 Rh1 62. Rh7+ Ke6 63. Rxb7 Rxh2 64. Rb6+ Kd7 65. Kd5 Rxf2 66. c6+ Kc7 67. Rb7+ Kc8 68. Rh7 Rd2+ 69. Kc5 f4 70. gxf4 h2 71. Kb6 Rb2+ 72. Kc5 Rc2+ 73. Kd6 Rd2+ 74. Kc5 g3 75. Rh8+ Rd8 76. Rh7 Rd1 77. Rh8+ Rd8 78. Rh7 g2 79. Kb6 g1=Q 80. Rc7+ Kb8 81. Rb7+ Ka8 82. Ra7+ Kb8 83. c7+ Kc8 84. Ra8+ Kd7 85. cxd8=Q+ Ke6 86. Qe8+ Kf5 87. Qe5+ Kg4 88. Rg8+ Kf3 89. Qh5+ Kxe3 90. Rxg1 hxg1=Q 91. Qc5+ 1-0

[Event "December 19 Early 2023"]
[Site "https://www.chess.com"]
[Date "2023.12.19"]
[Round "8"]
[White "Livaic, Leon"]
[Black "Shaik Sumer Arsh"]
[Result "0-1"]
[Board "35"]
[TimeControl "180+1"]
[WhiteFideId "14531534"]
[BlackFideId "45020000"]
[WhiteElo "2541"]
[BlackElo "2358"]
[WhiteTeam "CRO"]
[BlackTeam "IND"]
[WhiteClock "0:00:04"]
[BlackClock "0:00:22"]

1. d4 Nf6 2. c4 e6 3. Nf3 d5 4. Nc3 Bb4 5. Bg5 O-O 6. e3 h6 7. Bxf6 Qxf6 8. Rc1 dxc4 9. Bxc4 c5 10. O-O cxd4 11. Ne4 Qf5 12. Ng3 Qa5 13. a3 Be7 14. exd4 Nc6 15. Qe2 Bf6 16. Rfd1 Rd8 17. Qe4 Bd7 18. d5 exd5 19. Rxd5 Qb6 20. Rcd1 Re8 21. Qf4 Be6 22. Rb5 Rad8 23. Rc1 Qa6 24. Bf1 Nd4 25. Nxd4 Rxd4 26. Qf3 Qd6 27. Qxb7 Rd1 28. Rxd1 Qxd1 29. Qc6 Bd7 30. Qd5 Re1 31. Qxd1 Rxd1 32. Rb7 a6 33. h3 Bb5 34. Kh2 Bxf1 35. Nxf1 Rxf1 36. b3 Rxf2 37. Kg1 Bd4 38. Kh1 Rf1+ 39. Kh2 Be5+ 40. g3 Rf2+ 41. Kg1 Bxg3 42. a4 Rb2 43. Rb6 Bf2+ 0-1

[Event "December 19 Early 2023"]
[Site "https://www.chess.com"]
[Date "2023.12.19"]
[Round "8"]
[White "Yeletsky, Ivan"]
[Black "Toman, Ondrej"]
[Result "1-0"]
[Board "36"]
[TimeControl "180+1"]
[WhiteFideId "24180327"]
[BlackFideId "344516"]
[WhiteElo "2379"]
[BlackElo "2157"]
[WhiteTeam "RUS"]
[BlackTeam "CZE"]
[WhiteClock "0:00:04"]
[BlackClock "0:00:00"]

1. g3 Nf6 2. Bg2 d5 3. c4 c6 4. Nf3 Bf5 5. Qb3 Qb6 6. d3 e6 7. Be3 Qc7 8. Bf4 Qb6 9. Be3 Qc7 10. Nc3 Nbd7 11. Rc1 dxc4 12. Qxc4 Be7 13. O-O O-O 14. b4 a6 15. a4 Rfc8 16. Nh4 Bg6 17. Nxg6 hxg6 18. Qb3 Qd6 19. Rb1 Nd5 20. Bd2 Nxc3 21. Bxc3 Bf6 22. Bd2 Rd8 23. Rfc1 Rac8 24. h4 Bd4 25. e3 Bf6 26. Be1 Ne5 27. d4 Ng4 28. Bf3 Nh6 29. b5 cxb5 30. axb5 Rxc1 31. Rxc1 Qb6 32. Rb1 Nf5 33. bxa6 Qxb3 34. Rxb3 bxa6 35. Ra3 e5 36. dxe5 Bxe5 37. Rxa6 Rb8 38. Ra8 Rxa8 39. Bxa8 Bf6 40. Kg2 g5 41. h5 Ne7 42. Be4 Be5 43. Bb4 Nc8 44. Kf3 Nd6 45. Bd5 Ne8 46. Ke4 Bc7 47. Kf5 Nf6 48. Bf3 Bd8 49. e4 Nh7 50. e5 Nf8 51. Bd5 g6+ 52. hxg6 Nxg6 53. Be4 Kg7 54. Bc3 Kh6 55. Bd2 Ne7+ 56. Kg4 1-0

[Event "December 19 Early 2023"]
[Site "https://www.chess.com"]
[Date "2023.12.19"]
[Round "8"]
[White "Klimkowski, Jan"]
[Black "Estrada Nieto, Julian"]
[Result "1-0"]
[Board "37"]
[TimeControl "180+1"]
[WhiteFideId "21856222"]
[BlackFideId "5101018"]
[WhiteElo "2324"]
[BlackElo "2161"]
[WhiteTeam "POL"]
[BlackTeam "ESP"]
[WhiteClock "0:00:34"]
[BlackClock "0:00:00"]

1. e4 e5 2. Nf3 Nc6 3. Bb5 a6 4. Ba4 Nf6 5. O-O Be7 6. Re1 b5 7. Bb3 d6 8. c3 O-O 9. h3 Bb7 10. d4 Re8 11. Nbd2 Bf8 12. Bc2 h6 13. Nf1 exd4 14. cxd4 Nb4 15. Ng3 Nxc2 16. Qxc2 Qd7 17. b3 Nxe4 18. Nxe4 Qf5 19. Nfd2 d5 20. Qxc7 Re7 21. Qg3 dxe4 22. Nf1 Rd7 23. Ne3 Qg6 24. Qxg6 fxg6 25. Bb2 Rc8 26. Rec1 Rdc7 27. Rxc7 Rxc7 28. Rd1 Kf7 29. Kf1 a5 30. d5 Bd6 31. Bd4 a4 32. Bb6 Rc3 33. Bd4 Rc8 34. Ke2 Ba6 35. g3 b4+ 36. Kd2 a3 37. Nc2 Bd3 38. Ne3 h5 39. h4 Bf8 40. Be5 Ke7 41. f3 Kd7 42. fxe4 Bxe4 43. Rf1 Ke8 44. Rf4 Bb1 45. Nc4 Bxa2 46. Kc2 1-0

[Event "December 19 Early 2023"]
[Site "https://www.chess.com"]
[Date "2023.12.19"]
[Round "8"]
[White "Pak, Yevgeniy"]
[Black "Maatman, Nick"]
[Result "1/2-1/2"]
[Board "38"]
[TimeControl "180+1"]
[WhiteFideId "14201712"]
[BlackFideId "1040391"]
[WhiteElo "2320"]
[BlackElo "2710"]
[WhiteTeam "KAZ"]
[BlackTeam "NED"]
[WhiteClock "0:02:35"]
[BlackClock "0:01:47"]

1. d4 Nf6 2. c4 e6 3. Nf3 d5 4. Nc3 Bb4 5. Bg5 h6 6. Bxf6 Qxf6 7. Rc1 O-O 8. e3 dxc4 9. Bxc4 Rd8 10. Qe2 c5 11. O-O cxd4 12. Nxd4 Qe7 13. a3 Ba5 14. Rfd1 Nd7 15. Nf3 Nf6 16. Rxd8+ Bxd8 17. e4 e5 18. h3 Bb6 19. Rd1 1/2-1/2

[Event "December 19 Early 2023"]
[Site "https://www.chess.com"]
[Date "2023.12.19"]
[Round "8"]
[White "Bazilius, Augustinas"]
[Black "Naroditsky, Daniel"]
[Result "0-1"]
[Board "39"]
[TimeControl "180+1"]
[WhiteFideId "12832251"]
[BlackFideId "2026961"]
[WhiteElo "2082"]
[BlackElo "2639"]
[WhiteTeam "LTU"]
[BlackTeam "USA"]
[WhiteClock "0:00:07"]
[BlackClock "0:01:26"]

1. d4 Nf6 2. c4 g6 3. Nf3 Bg7 4. g3 O-O 5. Bg2 d6 6. O-O Nbd7 7. Nc3 e5 8. e4 c6 9. h3 Qa5 10. Be3 exd4 11. Nxd4 Ne5 12. Qe2 Qb4 13. c5 dxc5 14. Nb3 b6 15. f4 Nc4 16. Bf2 Nxb2 17. Be1 c4 18. Nd5 Nxd5 19. Bxb4 Nxb4 20. Rab1 Ba6 21. e5 c3 22. Qf3 Bxf1 23. Bxf1 Nd5 24. Bc4 Nxc4 0-1

[Event "December 19 Early 2023"]
[Site "https://www.chess.com"]
[Date "2023.12.19"]
[Round "8"]
[White "Bluebaum, Matthias"]
[Black "Ovetchkin, Roman"]
[Result "1-0"]
[Board "40"]
[TimeControl "180+1"]
[WhiteFideId "24651516"]
[BlackFideId "4119991"]
[WhiteElo "2621"]
[BlackElo "2381"]
[WhiteTeam "GER"]
[BlackTeam "RUS"]
[WhiteClock "0:00:54"]
[BlackClock "0:00:30"]

1. d4 Nf6 2. c4 c5 3. d5 b5 4. cxb5 a6 5. bxa6 g6 6. Nc3 Bg7 7. a7 Rxa7 8. e4 d6 9. Nf3 O-O 10. Be2 Ba6 11. O-O Bxe2 12. Qxe2 Nfd7 13. a4 Na6 14. Bd2 Nc7 15. Rfb1 Qa8 16. b4 Rb8 17. bxc5 Nxc5 18. Rxb8+ Qxb8 19. Rb1 Rb7 20. Rxb7 Qxb7 21. a5 Qb2 22. Nd1 Qb1 23. e5 dxe5 24. Be3 Nb3 25. Nd2 Nxd2 26. Qxd2 Qb5 27. h3 f5 28. d6 exd6 29. Qxd6 Nd5 30. a6 Qd3 31. Qe6+ 1-0

[Event "December 19 Early 2023"]
[Site "https://www.chess.com"]
[Date "2023.12.19"]
[Round "8"]
[White "Puzzlebot_1294"]
[Black "Shimanov, Aleksandr"]
[Result "0-1"]
[Board "41"]
[TimeControl "180+1"]
[BlackFideId "4198603"]
[WhiteElo "2659"]
[BlackElo "2611"]
[BlackTeam "RUS"]
[WhiteClock "0:00:18"]
[BlackClock "0:00:14"]

1. d4 Nf6 2. Bf4 c5 3. e3 Qb6 4. Na3 Nd5 5. Nc4 Qd8 6. Bg3 cxd4 7. exd4 d6 8. c3 Nc6 9. Nf3 g6 10. Bd3 Bg7 11. O-O O-O 12. Re1 Rb8 13. Ne3 Nf6 14. Qe2 Nh5 15. Rad1 Nxg3 16. hxg3 Bd7 17. Nd5 e6 18. Ne3 Ne7 19. Bc4 b5 20. Bb3 a5 21. d5 e5 22. Bc2 h6 23. c4 f5 24. b3 Qb6 25. Nf1 bxc4 26. bxc4 e4 27. N3h2 h5 28. Rb1 Qc5 29. Ne3 Bd4 30. Nhf1 Kg7 31. Rxb8 Rxb8 32. Rb1 Rxb1 33. Bxb1 Qb4 34. Qd1 Bc5 35. Bc2 Qc3 36. Ba4 Bc8 37. Bb5 h4 38. gxh4 f4 39. Ng4 e3 40. Ngh2 exf2+ 41. Kh1 Nf5 42. h5 Qe1 43. g4 Ng3+ 44. Kg2 Qxd1 0-1